TOP OF THE 1ST |
Waba Ducks batting - Pitching for Allentown Hillbillies : RHP Coy Torres
|
Pitching: RHP Coy Torres
|
|
Batting: SHB Garrett Waller
|
0-0: Ball 1-0: Ball 2-0: Ball 3-0: Called Strike 3-1: Base on Balls
|
Batting: RHB Juan Vareas
|
0-0: Ball 1-0: Called Strike 1-1: Called Strike 1-2: SINGLE (Line Drive, 56D) Garrett Waller to second
|
Batting: LHB Stanley Mullins
|
0-0: Foul Ball, location: 2F 0-1: Called Strike 0-2: Ball 1-2: Grounds into double play, 4-6-3 (Groundball, 4) Garrett Waller to third
|
Batting: RHB Pedro Guzmán
|
0-0: DOUBLE (Line Drive, 78D) Garrett Waller scores
|
Batting: RHB Jim Martin
|
0-0: Ball 1-0: SINGLE (Flyball, 6D) Pedro Guzmán to third Runner from 3rd tries for Home, SAFE, no throw
|
Batting: RHB Francisco Castillo
|
0-0: Ball 1-0: Foul Ball, location: 2F 1-1: SINGLE (Groundball, 34S) (infield hit) Jim Martin to second
|
Batting: RHB Raúl Bruno
|
0-0: Called Strike 0-1: Ball 1-1: Foul Ball, location: 2F 1-2: Strikes out swinging
|
Top of the 1st over - 2 runs, 4 hits, 0 errors, 2 left on base; Waba 2 - Allentown 0 |
BOTTOM OF THE 1ST |
Allentown Hillbillies batting - Pitching for Waba Ducks : RHP Duane Carlson
|
Pitching: RHP Duane Carlson
|
|
Batting: LHB António Salazar
|
0-0: Ball 1-0: Ball 2-0: Ground out 5-3 (Groundball, 56)
|
Batting: SHB Travis Martin
|
0-0: Called Strike 0-1: Ball 1-1: Ball 2-1: Ground out U3 (Groundball, 3)
|
Batting: RHB Albert Lutz
|
0-0: Called Strike 0-1: Fly out, F7 (Flyball, 7LSF)
|
Bottom of the 1st over - 0 runs, 0 hits, 0 errors, 0 left on base; Waba 2 - Allentown 0 |
TOP OF THE 2ND |
Waba Ducks batting - Pitching for Allentown Hillbillies : RHP Coy Torres
|
Batting: SHB John May
|
0-0: Called Strike 0-1: Ball 1-1: Swinging Strike 1-2: Ball 2-2: Foul Ball, location: 2F 2-2: Ground out 4-3 (Groundball, 4)
|
Batting: RHB Earl Chase
|
0-0: Called Strike 0-1: Called Strike 0-2: Foul Ball, location: 2F 0-2: Ball 1-2: Strikes out swinging
|
Batting: SHB Garrett Waller
|
0-0: Called Strike 0-1: Ball 1-1: Fly out, F8 (Flyball, 8RM)
|
Top of the 2nd over - 0 runs, 0 hits, 0 errors, 0 left on base; Waba 2 - Allentown 0 |
BOTTOM OF THE 2ND |
Allentown Hillbillies batting - Pitching for Waba Ducks : RHP Duane Carlson
|
Batting: RHB Germano Labrego
|
0-0: Ball 1-0: Ball 2-0: Ball 3-0: Called Strike 3-1: Fly out, F8 (Flyball, 8RM)
|
Batting: RHB Germán Romero
|
0-0: Ball 1-0: Swinging Strike 1-1: Foul Ball, location: 2F 1-2: Ball 2-2: Ball 3-2: Strikes out swinging
|
Batting: RHB Jeff Townsley
|
0-0: Ball 1-0: Foul Ball, location: 2F 1-1: Foul Ball, location: 2F 1-2: Ball 2-2: Ball 3-2: SINGLE (Line Drive, 78S)
|
Batting: RHB Von Ford
|
0-0: Fly out, F9 (Flyball, 9)
|
Bottom of the 2nd over - 0 runs, 1 hit, 0 errors, 1 left on base; Waba 2 - Allentown 0 |
TOP OF THE 3RD |
Waba Ducks batting - Pitching for Allentown Hillbillies : RHP Coy Torres
|
Batting: RHB Juan Vareas
|
0-0: Fly out, F7 (Flyball, 7S)
|
Batting: LHB Stanley Mullins
|
0-0: Ball 1-0: Foul Ball, location: 2F 1-1: Fly out, F7 (Flyball, 78M)
|
Batting: RHB Pedro Guzmán
|
0-0: Foul Ball, location: 2F 0-1: Foul Ball, location: 2F 0-2: Ball 1-2: Fly out, F7 (Flyball, 7)
|
Top of the 3rd over - 0 runs, 0 hits, 0 errors, 0 left on base; Waba 2 - Allentown 0 |
BOTTOM OF THE 3RD |
Allentown Hillbillies batting - Pitching for Waba Ducks : RHP Duane Carlson
|
Batting: RHB Justin Harris
|
0-0: Ball 1-0: Called Strike 1-1: Ball 2-1: Swinging Strike 2-2: Fly out, F7 (Line Drive, 7)
|
Batting: RHB Juan Magdayao
|
0-0: TRIPLE (Groundball, 5L)
|
Batting: LHB António Salazar
|
0-0: Ball 1-0: Foul Ball, location: 2F 1-1: Foul Ball, location: 2F 1-2: Ball 2-2: Foul Ball, location: 2F 2-2: Ground out 6-3 (Groundball, 6M) Juan Magdayao scores
|
Batting: SHB Travis Martin
|
0-0: Ball 1-0: Ball 2-0: Called Strike 2-1: DOUBLE (Flyball, 8LXD)
|
Batting: RHB Albert Lutz
|
0-0: Called Strike 0-1: Ground out 5-3 (Groundball, 56)
|
Bottom of the 3rd over - 1 run, 2 hits, 0 errors, 1 left on base; Waba 2 - Allentown 1 |
TOP OF THE 4TH |
Waba Ducks batting - Pitching for Allentown Hillbillies : RHP Coy Torres
|
Batting: RHB Jim Martin
|
0-0: Ball 1-0: Ground out 6-3 (Groundball, 6)
|
Batting: RHB Francisco Castillo
|
0-0: Reached on error, E6 (Groundball, 6)
|
Batting: RHB Raúl Bruno
|
0-0: Called Strike 0-1: Ball Francisco Castillo is caught stealing 3rd base 1-1: Ball 2-1: Called Strike 2-2: Ground out 6-3 (Groundball, 6)
|
Top of the 4th over - 0 runs, 0 hits, 1 error, 0 left on base; Waba 2 - Allentown 1 |
BOTTOM OF THE 4TH |
Allentown Hillbillies batting - Pitching for Waba Ducks : RHP Duane Carlson
|
Batting: RHB Germano Labrego
|
0-0: Ball 1-0: Ground out 1-3 (Groundball, 13S)
|
Batting: RHB Germán Romero
|
0-0: Ball 1-0: Ball 2-0: Foul Ball, location: 2F 2-1: Called Strike 2-2: Foul Ball, location: 2F 2-2: Foul Ball, location: 2F 2-2: Ball 3-2: Base on Balls
|
Batting: RHB Jeff Townsley
|
0-0: Called Strike 0-1: Ball 1-1: Foul Ball, location: 2F 1-2: Ball 2-2: Strikes out swinging
|
Batting: RHB Von Ford
|
Pickoff Throw to First - Out!
|
Bottom of the 4th over - 0 runs, 0 hits, 0 errors, 0 left on base; Waba 2 - Allentown 1 |
TOP OF THE 5TH |
Waba Ducks batting - Pitching for Allentown Hillbillies : RHP Coy Torres
|
Batting: SHB John May
|
0-0: Swinging Strike 0-1: Swinging Strike 0-2: Ball 1-2: Foul Ball, location: 2F 1-2: Ground out U3 (Groundball, 3)
|
Batting: RHB Earl Chase
|
0-0: Ball 1-0: Ball 2-0: Foul Ball, location: 2F 2-1: Ball 3-1: Foul Ball, location: 2F 3-2: Strikes out swinging, 2-3 out at first.
|
Batting: SHB Garrett Waller
|
0-0: Ball 1-0: Ball 2-0: Called Strike 2-1: Ball 3-1: Base on Balls
|
Pitching: RHP Millard Manning
|
|
Batting: RHB Juan Vareas
|
0-0: Ground out 4-3 (Groundball, 4)
|
Top of the 5th over - 0 runs, 0 hits, 0 errors, 1 left on base; Waba 2 - Allentown 1 |
BOTTOM OF THE 5TH |
Allentown Hillbillies batting - Pitching for Waba Ducks : RHP Duane Carlson
|
Batting: RHB Von Ford
|
0-0: Ground out 4-3 (Groundball, 4MS)
|
Batting: RHB Justin Harris
|
0-0: Called Strike 0-1: SOLO HOME RUN (Line Drive, 7LD), Distance : 371 ft
|
Batting: RHB Juan Magdayao
|
0-0: Ball 1-0: Ball 2-0: SINGLE (Line Drive, 89S)
|
Batting: LHB António Salazar
|
0-0: Ground out 3-1 (Groundball, 34S) Juan Magdayao to second
|
Batting: SHB Travis Martin
|
0-0: Hit by Pitch
|
Batting: RHB Albert Lutz
|
0-0: Foul Ball, location: 2F 0-1: Swinging Strike 0-2: Ball 1-2: Foul Ball, location: 2F 1-2: Foul Ball, location: 2F 1-2: Ball 2-2: Foul Ball, location: 2F 2-2: Strikes out swinging
|
Bottom of the 5th over - 1 run, 2 hits, 0 errors, 2 left on base; Waba 2 - Allentown 2 |
TOP OF THE 6TH |
Waba Ducks batting - Pitching for Allentown Hillbillies : RHP Millard Manning
|
Batting: LHB Stanley Mullins
|
0-0: Fly out, F2 (Popup, 2R)
|
Batting: RHB Pedro Guzmán
|
0-0: Foul Ball, location: 2F 0-1: Foul Ball, location: 2F 0-2: Strikes out swinging
|
Batting: RHB Jim Martin
|
0-0: SINGLE (Flyball, 9LM)
|
Batting: RHB Francisco Castillo
|
0-0: Ball 1-0: Foul Ball, location: 2F 1-1: Foul Ball, location: 2F 1-2: Foul Ball, location: 2F 1-2: Foul Ball, location: 2F 1-2: Ball 2-2: Foul Ball, location: 2F 2-2: 2-RUN HOME RUN (Flyball, 7D), Distance : 361 ft
|
Pitching: RHP Dale Downs
|
|
Batting: RHB Raúl Bruno
|
0-0: Ball 1-0: Ball 2-0: Called Strike 2-1: Ball 3-1: Base on Balls
|
Batting: SHB John May
|
0-0: Ball 1-0: Swinging Strike 1-1: Ball 2-1: Ball 3-1: Base on Balls Raúl Bruno to second
|
Batting: RHB Earl Chase
|
0-0: Fly out, F8 (Flyball, 8LM)
|
Top of the 6th over - 2 runs, 2 hits, 0 errors, 2 left on base; Waba 4 - Allentown 2 |
BOTTOM OF THE 6TH |
Allentown Hillbillies batting - Pitching for Waba Ducks : RHP Duane Carlson
|
Batting: RHB Germano Labrego
|
0-0: Called Strike 0-1: Foul Ball, location: 2F 0-2: Ball 1-2: Ground out 6-3 (Groundball, 6)
|
Batting: RHB Germán Romero
|
0-0: Called Strike 0-1: Fly out, F8 (Flyball, 8RM)
|
Batting: RHB Jeff Townsley
|
0-0: Swinging Strike 0-1: Fly out, F9 (Flyball, 89S)
|
Bottom of the 6th over - 0 runs, 0 hits, 0 errors, 0 left on base; Waba 4 - Allentown 2 |
TOP OF THE 7TH |
Waba Ducks batting - Pitching for Allentown Hillbillies : RHP Dale Downs
|
Batting: SHB Garrett Waller
|
0-0: Ball 1-0: Ball 2-0: Called Strike 2-1: Ball 3-1: Foul Ball, location: 2F 3-2: Base on Balls
|
Batting: RHB Juan Vareas
|
0-0: Ball 1-0: Foul Ball, location: 2F 1-1: Bunt missed! 1-2: Grounds into double play, 6-4-3 (Groundball, 6)
|
Batting: LHB Stanley Mullins
|
0-0: Called Strike 0-1: Swinging Strike 0-2: Ball 1-2: Ball 2-2: Foul Ball, location: 2F 2-2: Ball 3-2: SINGLE (Flyball, 7LS) - OUT at second base trying to stretch hit.
|
Top of the 7th over - 0 runs, 1 hit, 0 errors, 0 left on base; Waba 4 - Allentown 2 |
BOTTOM OF THE 7TH |
Allentown Hillbillies batting - Pitching for Waba Ducks : RHP Duane Carlson
|
Batting: RHB Von Ford
|
0-0: Called Strike 0-1: Ball 1-1: Fly out, F3 (Popup, 3SF)
|
Batting: RHB Justin Harris
|
0-0: Swinging Strike 0-1: Ground out 6-3 (Groundball, 6)
|
Batting: RHB Juan Magdayao
|
0-0: Ball 1-0: Called Strike 1-1: Ball 2-1: Foul Ball, location: 2F 2-2: Ball 3-2: Foul Ball, location: 2F 3-2: Strikes out swinging
|
Bottom of the 7th over - 0 runs, 0 hits, 0 errors, 0 left on base; Waba 4 - Allentown 2 |
TOP OF THE 8TH |
Waba Ducks batting - Pitching for Allentown Hillbillies : RHP Dale Downs
|
Batting: RHB Pedro Guzmán
|
0-0: Called Strike 0-1: Ball 1-1: Foul Ball, location: 2F 1-2: Strikes out swinging
|
Batting: RHB Jim Martin
|
0-0: Ball 1-0: Fly out, F9 (Flyball, 9)
|
Batting: RHB Francisco Castillo
|
0-0: Ground out 5-3 (Groundball, 5S)
|
Top of the 8th over - 0 runs, 0 hits, 0 errors, 0 left on base; Waba 4 - Allentown 2 |
BOTTOM OF THE 8TH |
Allentown Hillbillies batting - Pitching for Waba Ducks : RHP Duane Carlson
|
Pitching: RHP Ángel Lara
|
|
Batting: LHB António Salazar
|
0-0: Ball 1-0: Ball 2-0: Ball 3-0: Called Strike 3-1: Base on Balls
|
Batting: SHB Travis Martin
|
0-0: Called Strike 0-1: Ball 1-1: Foul Ball, location: 2F 1-2: Ball 2-2: Grounds into double play, 3-6-1 (Groundball, 3)
|
Batting: RHB Albert Lutz
|
0-0: Ball 1-0: Ball 2-0: Called Strike 2-1: Ground out U3 (Groundball, 34)
|
Bottom of the 8th over - 0 runs, 0 hits, 0 errors, 0 left on base; Waba 4 - Allentown 2 |
TOP OF THE 9TH |
Waba Ducks batting - Pitching for Allentown Hillbillies : RHP Dale Downs
|
Batting: RHB Raúl Bruno
|
0-0: Ball 1-0: Called Strike 1-1: Swinging Strike 1-2: Strikes out swinging
|
Batting: SHB John May
|
0-0: Called Strike 0-1: Fly out, F9 (Flyball, 9S)
|
Batting: RHB Earl Chase
|
0-0: Foul Ball, location: 2F 0-1: Ball 1-1: Foul Ball, location: 2F 1-2: Ball 2-2: Ball 3-2: Strikes out looking
|
Top of the 9th over - 0 runs, 0 hits, 0 errors, 0 left on base; Waba 4 - Allentown 2 |
BOTTOM OF THE 9TH |
Allentown Hillbillies batting - Pitching for Waba Ducks : RHP Ángel Lara
|
Batting: RHB Germano Labrego
|
0-0: Called Strike 0-1: Swinging Strike 0-2: Ball 1-2: Ball 2-2: Strikes out looking
|
Batting: RHB Germán Romero
|
0-0: Ball 1-0: Called Strike 1-1: Ball 2-1: Swinging Strike 2-2: Ball 3-2: Fly out, F9 (Flyball, 9S)
|
Batting: RHB Jeff Townsley
|
0-0: Called Strike 0-1: Ball 1-1: Called Strike 1-2: Strikes out swinging
|
Bottom of the 9th over - 0 runs, 0 hits, 0 errors, 0 left on base; Waba 4 - Allentown 2 |
|